 Dungeon Crawl Stone Soup version 0.19-a0-1933-g052ff51 (webtiles) character file.

10 Kaname the Skirmisher (level 2, 0/22 HPs)
             Began as a Demonspawn Wanderer on Oct 26, 2016.
             Slain by a goblin (4 damage)
             ... on level 1 of the Dungeon.
             The game lasted 00:01:25 (279 turns).

Kaname the Skirmisher (Demonspawn Wanderer)          Turns: 279, Time: 00:01:25

Health: 0/22       AC:  0    Str: 10    XL:     2   Next: 10%
Magic:  12/12      EV: 11    Int: 14    God:
Gold:   37         SH:  0    Dex: 13    Spells: 1 memorised, 2 levels left

rFire  . . .     SeeInvis .     d - +0 dagger
rCold  . . .     Gourm    .     (no armour)
rNeg   . . .     Faith    .     (no shield)
rPois  .         Spirit   .     (no helmet)
rElec  .         Reflect  .     (no cloak)
rCorr  .         Harm     .     (no gloves)
MR     .....                    (no boots)
Stlth  ++........               (no amulet)
                                (no ring)
                                e - ring of magical power

@: very slightly contaminated
A: demonic guardian 1
a: no special abilities


You were on level 1 of the Dungeon.
You were not hungry.

You visited 1 branch of the dungeon, and saw 1 of its levels.

You collected 37 gold pieces.

Inventory:

Hand Weapons
 d - a +0 dagger (weapon)
Armour
 a - a +2 scale mail
Jewellery
 e - a ring of magical power (left hand)
Scrolls
 h - a scroll of amnesia {unknown}
Potions
 c - a potion of lignification
Books
 b - Veta Wofu's Volume of Contamination

   Spells                             Type                      Level
   a - Sting                          Conjuration/Poison           1
   b - Spider Form                    Transmutation/Poison         3
Comestibles
 f - a bread ration
 g - a chunk of flesh


   Skills:
 - Level 2.0 Fighting
   Level 1.0 Axes
 - Level 1.7 Armour
 - Level 1.0 Stealth
   Level 1.0 Shields
 - Level 1.0 Spellcasting
 + Level 1.0 Conjurations
   Level 1.7 Transmutations
 - Level 1.3 Poison Magic


You had 2 spell levels left.
You knew the following spells:

 Your Spells              Type           Power        Failure   Level  Hunger
a - Sting                 Conj/Pois      #...         21%         1    ##.....


Dungeon Overview and Level Annotations

Branches:
Dungeon (1/15)

Altars:


Innate Abilities, Weirdness & Mutations

A weak demonic guardian rushes to your aid.


Message History

* * * LOW HITPOINT WARNING * * *
The frilled lizard barely misses you.
You are too injured to fight recklessly!
You are too injured to fight recklessly!
You are too injured to fight recklessly!
You are too injured to fight recklessly!
You hit the goblin but do no damage. The goblin barely misses you.
You closely miss the goblin. The goblin barely misses you.
You barely miss the goblin. The goblin closely misses you.
You hit the goblin.
The goblin is moderately wounded.
The goblin closely misses you.
You miss the goblin.
The goblin is moderately wounded.
The goblin hits you.
* * * LOW HITPOINT WARNING * * *
You hit the goblin.
The goblin is severely wounded.
The goblin hits you.
You die...

.....# .....# .....#
.....###
.......###########
...#.............####
########............#
. ########.###.# ##
#.@# # ...#
##g#####.##
.#...##l........
......††...##...
#...............
................
###.............
#...........♣..
$...........♣♣ .


You could see a goblin and a frilled lizard.

Vanquished Creatures
  A dart slug (D:1)
  2 leopard geckos (D:1)
  A goblin (D:1)
  A bat (D:1)
  2 rats (D:1)
7 creatures vanquished.

Notes
Turn   | Place    | Note
-------+----------+-------------------------------------------
     0 | D:1      | Kaname the Demonspawn Wanderer began the quest for the Orb.
     0 | D:1      | Kaname set off with: a +2 scale mail, Veta Wofu's Volume of Contamination, a potion of lignification, a +0 dagger, a bread ration
     0 | D:1      | Reached XP level 1. HP: 16/16 MP: 2/2
     0 | D:1      | Identified Veta Wofu's Volume of Contamination
     2 | D:1      | Learned a level 1 spell: Sting
   143 | D:1      | Reached skill level 1 in Poison Magic
   261 | D:1      | Gained mutation: A weak demonic guardian rushes to your aid. [demonic ancestry]
   261 | D:1      | Reached XP level 2. HP: 12/22 MP: 3/3
   269 | D:1      | Reached skill level 1 in Conjurations
   279 | D:1      | Slain by a goblin

Vault maps used:
D:1:      dpeg_arrival_tiny_g, serial_park_tiny_2

Skill      XL: |  1  2 |
---------------+-------+-----
Poison Magic   | 1 |  1.3
Conjurations   | 1 |  1.0
Fighting       | |  2.0
Axes           | |  1.0
Armour         | |  1.7
Stealth        | |  1.0
Shields        | |  1.0
Spellcasting   | |  1.0
Transmutations | |  1.7

Action                   || total
-------------------------++-------
Melee: Dagger            ||    36
Armor: Scale mail        ||    14
Dodge: Dodged            ||    26
